 Dungeon Crawl Stone Soup version 0.21-a0-460-g737a915 (webtiles) character file.

51 Laiders the Ruffian (level 3, -1/28 HPs)
             Began as a Draconian Transmuter on Nov 20, 2017.
             Slain by Sigmund
             ... wielding a +0 scythe of venom
              (15 damage)
             ... on level 2 of the Dungeon.
             The game lasted 00:03:12 (1344 turns).

Laiders the Ruffian (Draconian Transmuter)          Turns: 1344, Time: 00:03:13

Health: -1/28      AC:  5    Str: 12    XL:     3   Next: 58%
Magic:  6/6        EV: 12    Int: 20    God:
Gold:   43         SH:  0    Dex: 11    Spells: 3/6 levels left

rFire    . . .     SeeInvis .     - Unarmed
rCold    . . .     Gourm    .   (no shield)
rNeg     . . .     Faith    .   (armour unavailable)
rPois    .         Spirit   .   (helmet restricted)
rElec    .         Reflect  .   s - scarf {repulsion}
rCorr    .         Harm     .   (no gloves)
MR       .....                  (no boots)
Stlth    +.........             (no amulet)
HPRegen  0.09/turn              h - +6 ring of intelligence
MPRegen  0.10/turn              g - +3 ring of slaying

@: repel missiles
A: unfitting armour, cold-blooded, AC +5
a: no special abilities


You were on level 2 of the Dungeon.
You were not hungry.

You visited 1 branch of the dungeon, and saw 2 of its levels.

You collected 43 gold pieces.

Inventory:

Missiles
 a - 28 arrows
Armour
 o - a +0 cloak
 s - a scarf of repulsion (worn)
Jewellery
 g - a +3 ring of slaying (right hand)
 h - a +6 ring of intelligence (left hand)
 r - a +4 ring of intelligence
Scrolls
 d - a scroll of fog {unknown}
 e - a scroll of immolation
 k - a scroll of blinking {unknown}
 l - a scroll of identify {unknown}
 n - a scroll of fear {unknown}
 t - a scroll of remove curse
Potions
 f - a potion of flight {unknown}
 i - 2 potions of berserk rage {unknown}
 q - a potion of curing {unknown}
Books
 b - a book of Changes

   Spells                             Type                      Level
   a - Beastly Appendage              Transmutation                1
   b - Sticks to Snakes               Transmutation                2
   c - Spider Form                    Transmutation/Poison         3
   d - Ice Form                       Ice/Transmutation            4
   e - Blade Hands                    Transmutation                5
Comestibles
 c - a bread ration
 j - 3 royal jellies
 m - 2 chunks of flesh
 p - a meat ration
 u - 3 fruits


   Skills:
 - Level 1.1 Fighting
 - Level 1.7 Dodging
 + Level 3.9 Unarmed Combat
 - Level 2.0 Spellcasting
 + Level 3.1 Transmutations


You had 3 spell levels left.
You knew the following spells:

 Your Spells              Type           Power        Failure   Level  Hunger
a - Beastly Appendage     Tmut           ##....       4%          1    #......
b - Sticks to Snakes      Tmut           ##......     6%          2    ##.....


Dungeon Overview and Level Annotations

Branches:
Dungeon (2/15)

Altars:
The Shining One

Annotations:
D:2 Sigmund


Innate Abilities, Weirdness & Mutations

Your plain brown scales are hard. (AC +5)
You cannot fit into any form of body armour.
You are cold-blooded and may be slowed by cold attacks.


Message History

Some of the chunks of flesh in your inventory have rotted away.
A frilled lizard comes into view.
Sigmund the Dreaded comes into view.
He is wielding a scythe of venom.
Sigmund shouts!
A goblin comes into view. It is wielding a club.
The goblin shouts!
Sigmund mumbles some strange words.
Sigmund flickers and vanishes!
Deactivating autopickup; reactivate with Ctrl-A.
Something barely misses you. The frilled lizard bites you.
Found a dagger.
The frilled lizard barely misses you.
A puff of flame appears from out of thin air!
The puff of flame hits you!
The frilled lizard bites you but does no damage.
You barely miss the frilled lizard. The frilled lizard bites you.
You miss the frilled lizard. The frilled lizard misses you.
You closely miss the frilled lizard. Something hits you!
Ouch! That really hurt!
You die...

# # #...## # ######
..# #.....
#######....# ##.## #
#...## ........♣♣.♣
#... .##......
########♣P.♣
###..####.##.####P
♣.♣♣ ....#.....#. #?
♣..♣ #.......... .?.
♣♣.♣♣#####..#..#....
#.#.
♣P♣.♣...@l.g........
#.#
♣♣P.♣.#####.#......)
. ♣.♣♣.# #.##.#.#.#
♣.♣♣.# #.# ..... ...
#....# #.. ..# . ###
###### ### #.# .# #


You could see a goblin and a frilled lizard.

Vanquished Creatures
  An ooze (D:2)
  2 worms (D:2)
  3 dart slugs
  5 bats
  5 giant cockroaches
  A goblin (D:2)
  3 hobgoblins
  4 jackals (D:2)
  A quokka (D:2)
  2 frilled lizards (D:2)
  2 kobolds (D:1)
  4 rats
33 creatures vanquished.

Notes
Turn   | Place    | Note
-------+----------+-------------------------------------------
     0 | D:1      | Laiders the Draconian Transmuter began the quest for the Orb.
     0 | D:1      | Reached XP level 1. HP: 16/16 MP: 3/3
   227 | D:1      | Reached XP level 2. HP: 23/23 MP: 5/5
   456 | D:1      | Learned a level 2 spell: Sticks to Snakes
   873 | D:2      | Reached XP level 3. HP: 17/28 MP: 1/6
  1105 | D:2      | Found a glowing golden altar of the Shining One.
  1334 | D:2      | Noticed Sigmund
  1344 | D:2      | Slain by Sigmund

Vault maps used:
D:1:      minmay_arrival_nine_rooms
D:2:      serial_forest, infiniplex_forest_clump_medium, infiniplex_forest_join,
          infiniplex_forest_lined_room_2, infiniplex_forest_split,
          infiniplex_forest_zigzag_1, infiniplex_forest_straight_4,
          infiniplex_forest_fountain, nicolae_tso_swordbearing_angel,
          uniq_sigmund

Skill      XL: |  1  2  3 |
---------------+----------+-----
Transmutations | 3 |  3.1
Fighting       | |  1.1
Dodging        | |  1.7
Unarmed Combat | |  3.9
Spellcasting   | |  2.0

Action                   || total
-------------------------++-------
Melee: Unarmed           ||    86
       Tailslap          ||    10
       Punch             ||     1
 Cast: Sticks to Snakes  ||     1
  Use: Scroll            ||     2
  Eat: Chunk             ||     1
Armor: Skin              ||    40
Dodge: Dodged            ||   103

Table legend:
 A = Spawn XP
 B = Non-spawn XP
 C = Spawn XP percentage of total XP
 D = Spawn monster count
 E = Non-spawn monster count
 F = Spawn count percentage of total count
 G = Total turns spent on level
                    A         B        C        D         E        F      G
               +---------+---------+-------+---------+---------+-------+---------
         Total |       0 |      74 |   0.0 |       0 |      33 |   0.0 |  1344
               +---------+---------+-------+---------+---------+-------+---------
           D:1 |       0 |      23 |   0.0 |       0 |      11 |   0.0 |   750
           D:2 |       0 |      51 |   0.0 |       0 |      22 |   0.0 |   594
               +---------+---------+-------+---------+---------+-------+---------
